AoeStats
← Bear Man

Migration

509982056Analyzed
1v1 RM · 4d ago on Sep 28, 2026· 51m 29s· 2 players
Game mode
Random Map
Map size
132×132
Population
200
Speed
Normal
Resources
Standard
Victory
Conquest
Starting age
Dark Age
Ending age
Imperial Age
RankedLock teamsTeams togetherTeam positionsShared explorationLock speedFull tech treeHidden civsTurbo modeCheats
Victory
Defeat
🇺🇸 Malay · United States
1074
+15
🇺🇸 Cumans · United States
1048
-15
Dr. Moody
9:28 Loom
12:31 Feudal Age
13:09 Double-Bit Axe
13:05 Horse Collar
16:52 Wheelbarrow
21:26 Castle Age
19:28 Stone Mining
20:23 Gold Mining
21:05 Fletching
22:44 Medium Warships
22:55 Heavy Plow
28:46 Hand Cart
28:17 Town Watch
29:14 Capped Ram
35:03 Imperial Age
34:04 Ballistics
33:55 Masonry
35:16 Siege Ram
37:36 Chemistry
43:08 Demolition Ship
47:08 Hoardings
Bear Man
2:32 Loom
11:52 Feudal Age
11:35 Double-Bit Axe
12:01 Fishing Lines
12:21 Gold Mining
18:13 Castle Age
17:09 Stone Mining
18:07 Bow Saw
18:45 Stone Shaft Mining
18:41 Gillnets
19:04 Fletching
19:52 Wheelbarrow
19:03 Town Watch
21:12 Medium Warships
21:11 Bodkin Arrow
24:17 Hand Cart
23:44 Horse Collar
24:49 Gold Shaft Mining
24:44 Clinker Construction
26:40 Ballistics
28:49 Careening
31:56 Imperial Age
33:09 Chemistry
32:44 Bracer
32:50 Heavy Plow
33:48 Shipwright
33:53 Dry Dock
33:54 Carvel Hull
34:30 Siege Engineers
37:23 Heavy Warships
41:09 Conscription
40:51 Town Patrol
41:36 Elite Cannon Galleon
42:03 Treadmill Crane
42:34 Masonry
43:54 Thalassocracy
44:18 Bombard Tower
44:11 Forging
44:45 Murder Holes
45:24 Crop Rotation
47:00 Iron Casting
45:55 Elite Karambit Warrior
48:47 Blast Furnace
Connection lost

Rejoining the realm…

Still unreachable

The connection could not be restored.

Session expired

The server has moved on; the page needs a fresh start.